 Dungeon Crawl Stone Soup version 0.26.1-11-gd32895ea62 (webtiles) character file.

Game seed: 3340256891914540273

852 promet the Chiller (level 7, -1/53 (59) HPs)
             Began as a White Draconian Ice Elementalist on May 30, 2021.
             Was a Follower of Uskayaw.
             Killed by an exploding a wight (28 damage)
             ... exploding inner flame
             ... on level 6 of the Dungeon.
             The game lasted 00:36:00 (6633 turns).

promet the Chiller (DrIE)                           Turns: 6633, Time: 00:36:02

HP:   -1/53 (59)    AC:  7    Str: 11    XL:     7   Next: 69%
MP:   13/13         EV: 13    Int: 17    God:    Uskayaw [*.....]
Gold: 360           SH:  0    Dex: 11    Spells: 4/14 levels left

rFire    . . .     SeeInvis .   a - +4 dire flail
rCold    + . .     Faith    .   (shield currently unavailable)
rNeg     . . .     Spirit   .   (armour unavailable)
rPois    .         Reflect  .   (helmet restricted)
rElec    .         Harm     .   (no cloak)
rCorr    .         Rampage  .   I - +0 pair of gloves
Will     .....                  (no boots)
Stlth    ++........             p - amulet of magic regeneration
HPRegen  0.17/turn              h - ring of flight
MPRegen  0.38/turn              (no ring)

@: heavily drained
A: breathe frost, unfitting armour, cold resistance 1, cold-blooded, AC +6
a: Breathe Frost, Renounce Religion, Evoke Flight, Stomp


You were on level 6 of the Dungeon.
You worshipped Uskayaw.
Uskayaw was noncommittal.
You visited 2 branches of the dungeon, and saw 7 of its levels.

You collected 360 gold pieces.

Inventory:

Hand Weapons
 a - a +4 dire flail (weapon)
 c - a +3 hand axe
 k - a +0 hunting sling
 m - a +0 whip of electrocution
 o - a +0 flail
 w - a +0 long sword
 A - a +2 dagger of venom
 C - a +0 halberd
 G - a +0 war axe
 H - a +0 shortbow
Missiles
 b - 76 bolts
 d - 25 poisoned darts
 j - 242 stones (quivered)
 r - 3 datura-tipped darts
 t - a throwing net
 v - 18 arrows
Armour
 q - a +1 cloak
 I - a +0 pair of gloves (worn)
Jewellery
 h - a ring of flight (left hand)
 i - an uncursed amulet of regeneration
 p - an amulet of magic regeneration (around neck)
 F - a cursed -4 ring of evasion {unknown}
Wands
 n - a wand of enslavement (9)
 s - a wand of acid (11)
 y - a wand of flame (37)
 B - a wand of paralysis (11)
 D - a wand of disintegration (9)
 E - a wand of polymorph (8)
Scrolls
 e - 6 scrolls of identify
 g - 2 scrolls of remove curse
 l - a scroll of fear
Potions
 f - a potion of ambrosia
 u - a potion of curing
 x - a potion of mutation {unknown}
 z - a potion of invisibility


   Skills:
 * Level 4.1 Fighting
 + Level 1.6 Short Blades
 + Level 0.6(1.1) Axes
 + Level 1.4(1.5) Maces & Flails
 + Level 0.9(1.0) Slings
 + Level 0.1 Bows
 + Level 0.5(0.9) Throwing
 + Level 3.0 Dodging
 + Level 3.0 Stealth
 + Level 4.1 Spellcasting
 + Level 7.0 Ice Magic


You had 4 spell levels left.
You knew the following spells:

 Your Spells              Type           Power        Failure   Level
a - Freeze                Ice            100%         1%          1
b - Frozen Ramparts       Ice            54%          2%          3
c - Ozocubu's Armour      Ice            27%          2%          3
d - Magic Dart            Conj           12%          16%         1
e - Searing Ray           Conj           6%           24%         2

Your spell library contained the following spells:

 Spells                   Type           Power        Failure   Level
 Hailstorm                Conj/Ice       15%          36%         4
 Summon Ice Beast         Ice/Summ       15%          36%         4
 Dazzling Flash           Conj/Hex       6%           43%         3
 Fulminant Prism          Conj/Hex       1%           83%         4
 Iskenderun's Mystic Bla  Conj/Tloc      3%           83%         4


Dungeon Overview and Level Annotations

Branches:
Dungeon (6/15)             Temple (1/1) D:5

Altars:
Ashenzari
Cheibriados
Dithmenos
Elyvilon
Fedhas
Gozag
Hepliaklqana
Kikubaaqudgha
Nemelex Xobeh
Okawaru
Qazlal
Ru
Sif Muna
Trog
Uskayaw
Vehumet
Wu Jian
Yredelemnul
Zin
The Shining One

Shops:
D:6 :


Innate Abilities, Weirdness & Mutations

You can breathe waves of freezing cold.
You can buffet flying creatures when you breathe cold.
Your icy white scales are hard. (AC +6)
You cannot fit into any form of body armour.
Your flesh is cold resistant. (rC+)
You are cold-blooded and may be slowed by cold attacks.


Message History

As you read the scroll of fear, it crumbles to dust.
You assume a fearsome visage.
The troll looks frightened!
As you read the scroll labelled TINLUI QAROT, it crumbles to dust.
The creatures around you are filled with an inner flame!
It was a scroll of immolation.
The wight hits you with a cursed +4 scimitar.
You feel drained.
Unknown command.
A wight is nearby!
Found a bronze wand.
You see here a wand of paralysis (11).
B - a wand of paralysis (11)
The wight closely misses you.
You hit the wight.
Flame seeps out of the wight.
The wight is moderately damaged.
The wight is engulfed in blazing flames.
The wight explodes!
The fiery explosion engulfs you!!
Ouch! That really hurt!
You die...

#### ##○@## ###
#§###.##.#
#.####...#
##.##.##.#
##...###.######
# #.##.#
#......# ##
##.z#./######.#
#. ####### #.#
#. #.#
#######.#####8


There were no monsters in sight!

Vanquished Creatures
  A phantom (D:6)
  Blork the orc (D:5)
  A bullfrog (D:6)
  A scorpion (D:6)
  A wight (D:6)
  A quasit (D:5)
  2 orc priests (D:5)
  A centaur skeleton (D:5)
  A gnoll shaman (D:6)
  4 hounds
  An iguana (D:6)
  3 worker ants
  5 adders
  5 gnolls (D:6)
  An ufetubus (D:6)
  An ooze (D:2)
  7 worms
  2 leopard geckos
  12 orcs
  A ball python (D:3)
  6 bats
  5 giant cockroaches
  9 goblins
  5 hobgoblins
  13 jackals
  5 kobolds
  A quokka (D:5)
  5 frilled lizards
  2 jackal skeletons
  A leopard gecko skeleton (D:4)
  15 rats
119 creatures vanquished.

Vanquished Creatures (others)
  6 plants (D:2)
6 creatures vanquished.

Grand Total: 125 creatures vanquished

Notes
Turn   | Place    | Note
-------+----------+-------------------------------------------
     0 | D:1      | promet the Draconian Ice Elementalist began the quest for
                  | the Orb.
     0 | D:1      | Reached XP level 1. HP: 14/14 MP: 3/3
   348 | D:1      | Reached XP level 2. HP: 20/20 MP: 3/5
   737 | D:1      | Reached skill level 1 in Fighting
   737 | D:1      | Reached XP level 3. HP: 28/28 MP: 4/6
   750 | D:1      | Learned a level 3 spell: Frozen Ramparts
  1631 | D:2      | Found a blossoming altar of Fedhas.
  1888 | D:2      | Reached XP level 4. HP: 35/35 MP: 7/7
  2055 | D:2      | Found a glowing silver altar of Zin.
  2589 | D:3      | Learned a level 3 spell: Ozocubu's Armour
  2629 | D:3      | Reached skill level 5 in Ice Magic
  3324 | D:3      | Reached XP level 5. HP: 41/41 MP: 5/9
  4318 | D:5      | Entered Level 5 of the Dungeon
  4344 | D:5      | Found a staircase to the Ecumenical Temple.
  4355 | Temple   | Entered the Ecumenical Temple
  4665 | Temple   | Became a worshipper of Uskayaw the Reveller
  4717 | D:5      | Reached * piety under Uskayaw
  4719 | D:5      | Reached ** piety under Uskayaw
  4722 | D:5      | Reached *** piety under Uskayaw
  4832 | D:5      | Reached XP level 6. HP: 37/50 MP: 11/11
  5065 | D:5      | Found a glowing golden altar of the Shining One.
  5162 | D:5      | Reached skill level 1 in Short Blades
  5213 | D:5      | Found a bloodstained altar of Trog.
  5281 | D:5      | Found an ancient bone altar of Kikubaaqudgha.
  5317 | D:5      | Found a basalt altar of Yredelemnul.
  5368 | D:5      | Noticed Blork the orc
  5370 | D:5      | Found a stormy altar of Qazlal.
  5378 | D:5      | Killed Blork the orc
  5889 | D:6      | Your scales start taking on an icy white colour.
  5889 | D:6      | Reached skill level 6 in Ice Magic
  5889 | D:6      | Reached XP level 7. HP: 57/57 MP: 9/12
  5889 | D:6      | Gained mutation: Your flesh is cold resistant. (rC+) [White
                  | Draconian growth]
  5894 | D:6      | Reached **** piety under Uskayaw
  6131 | D:6      | Reached skill level 1 in Maces & Flails
  6133 | D:6      | Found a sand-covered staircase.
  6328 | D:6      | Learned a level 1 spell: Magic Dart
  6331 | D:6      | Learned a level 2 spell: Searing Ray
  6342 | D:6      | Found Ymodaz's Book Boutique.
  6514 | D:6      | Found a radiant altar of Vehumet.
  6577 | D:6      | Reached skill level 7 in Ice Magic
  6616 | D:6      | Noticed a troll
  6633 | D:6      | Killed by an exploding a wight... exploding inner flame

Illustrated notes

Levels and vault maps discovered:
D:1:      dpeg_arrival_boxorama, layout_loops_ring, minivault_24,
          minmay_rat_gold_closets
D:2:      layout_loops_cross, old_standard_altar, zin_scriptorium,
          serial_bayou_pond_c
D:3:      layout_loops_ring, minmay_misc_feat_x, minmay_misc_feat_diagonals,
          minmay_vboxes
D:4:      layout_loops_cross
D:5:      layout_layer_cave, nicolae_overflow_quartered_altars,
          kennysheep_mini_moat, temple_pool_b, uniq_blork_the_orc
D:6:      minmay_cornered_nines, layout_loops_ring, lemuel_round_altar,
          serial_shops, shop, nicolae_ossuary_entry_monument
Temple:   hc_temple_tempest_star

Skill      XL: |  1  2  3  4  5  6  7 |
---------------+----------------------+-----
Fighting       | 1 2 3 4 |  4.1
Ice Magic      | 5 6 7 |  7.0
Dodging        | 2 3 |  3.0
Stealth        | 2 3 |  3.0
Spellcasting   | 3 4 |  4.1
Short Blades   | 1 |  1.6
Maces & Flails | 1 |  1.4
Axes           | |  0.6
Slings         | |  0.9
Bows           | |  0.1
Throwing       | |  0.5

Action                   |  1- 3 |  4- 6 |  7- 9 || total
-------------------------+-------+-------+-------++-------
Melee: Hand axe          |    29 |     2 |       ||    31
       Unarmed           |     3 |       |       ||     3
       Tailslap          |     1 |    12 |     4 ||    17
       Dagger            |     4 |   120 |       ||   124
       Whip              |       |    22 |       ||    22
       Dire flail        |       |     4 |    28 ||    32
 Fire: Hunting sling     |       |       |    10 ||    10
       Shortbow          |       |       |     3 ||     3
Throw: Stone             |    12 |    14 |     2 ||    28
       Dart              |       |     2 |       ||     2
 Cast: Freeze            |    56 |    24 |     1 ||    81
       Frozen Ramparts   |     1 |     9 |     5 ||    15
       Ozocubu's Armour  |       |     1 |     2 ||     3
       Magic Dart        |       |       |     2 ||     2
Invok: Stomp             |       |     2 |       ||     2
  Use: Scroll            |     4 |     9 |     2 ||    15
       Potion            |     4 |     3 |       ||     7
 Stab: Sleeping          |     1 |     3 |       ||     4
       Paralysed         |       |     1 |     1 ||     2
Armor: Skin              |    29 |    41 |     8 ||    78
Dodge: Dodged            |    59 |   109 |    20 ||   188
